 Dungeon Crawl Stone Soup version 0.17-a0-1691-g18a3847 (webtiles) character file.

6937 mikusriekstins the Arsonist (level 10, -3/50 HPs)
             Began as a Deep Elf Fire Elementalist on Aug 17, 2015.
             Was a Priest of Qazlal.
             Slain by an orc warrior
             ... wielding a +0 long sword
              (13 damage)
             ... on level 10 of the Dungeon on Aug 20, 2015.
             The game lasted 01:25:23 (12986 turns).

mikusriekstins the Arsonist (DEFE)                 Turns: 12986, Time: 01:25:23

Health: -3/50      AC:  4    Str: 10    XL:     10   Next: 80%
Magic:  0/28       EV: 17    Int: 24    God:    Qazlal [***...]
Gold:   346        SH:  4    Dex: 15    Spells: 6 memorised, 11 levels left

rFire  . . .     SeeInvis .     y - +2 halberd (freeze)
rCold  . . .     Clarity  .     H - +0 robe {MR+}
rNeg   . . .     SustAt   .     (no shield)
rPois  .         Gourm    .     (no helmet)
rElec  .         Spirit   +     t - +1 cloak
rCorr  .         Warding  .     (no gloves)
rMut   .         Stasis   .     (no boots)
MR     ++...                    I - amulet of guardian spirit
Stlth  +.........               p - +5 ring of strength
                                d - ring of wizardry

@: flying, invisible, very resistant to hostile enchantments, very unstealthy
A: high mp 1
a: Upheaval, Elemental Force, Renounce Religion


You were on level 10 of the Dungeon.
You worshipped Qazlal.
Qazlal was most pleased with you.
You were not hungry.

You visited 2 branches of the dungeon, and saw 11 of its levels.

You collected 571 gold pieces.
You spent 225 gold pieces at shops.

Inventory:

Hand weapons
 a - a +1 short sword of freezing
 j - a +1 whip
 y - a +2 halberd of freezing (weapon)
Armour
 f - a +0 helmet
 m - a +0 animal skin
 t - a +1 cloak (worn)
 v - a +0 leather armour
 H - a +0 robe of magic resistance (worn)
 Q - a troll hide
Jewellery
 d - a ring of wizardry (left hand)
 p - a +5 ring of strength (right hand)
 s - a +1 ring of evasion
 I - an amulet of guardian spirit (around neck)
 L - an uncursed ring of ice
Magical devices
 o - a wand of random effects (29)
 r - a wand of polymorph (8)
 M - a wand of flame (12)
 O - a wand of frost (24)
Scrolls
 e - 2 scrolls of fear
 l - 4 scrolls of identify
 q - 4 scrolls of enchant weapon
 u - 9 scrolls of remove curse
 A - a scroll of fog
 B - 5 scrolls of magic mapping {unknown}
 C - a scroll of immolation {unknown}
 G - a scroll of recharging {unknown}
 N - a scroll of summoning {unknown}
Potions
 c - 4 potions of agility {unknown}
 i - a potion of brilliance
 k - 6 potions of curing
 D - 2 potions of cancellation {unknown}
 E - a potion of beneficial mutation {unknown}
 F - a potion of heal wounds
 J - a potion of degeneration {unknown}
 R - a potion of flight
 S - a potion of ambrosia
Books
 b - a book of Flames

   Spells                             Type                      Level
   a - Flame Tongue                   Conjuration/Fire             1
   b - Throw Flame                    Conjuration/Fire             2
   c - Conjure Flame                  Conjuration/Fire             3
   d - Inner Flame                    Hexes/Fire                   3
   e - Sticky Flame                   Conjuration/Fire             4
   f - Fireball                       Conjuration/Fire             5
Miscellaneous
 P - a sack of spiders
Comestibles
 n - 3 beef jerkies
 w - 5 bread rations
 x - 3 royal jellies
 z - 8 slices of pizza
 K - a meat ration


   Skills:
 - Level 8.8 Dodging
 - Level 2.4 Stealth
 - Level 10.1 Spellcasting
 * Level 8.9 Conjurations
 + Level 5.9 Hexes
 - Level 10.6 Fire Magic


You had 11 spell levels left.
You knew the following spells:

 Your Spells              Type           Power        Failure   Level  Hunger
a - Flame Tongue          Conj/Fire      #####        1%          1    None
b - Throw Flame           Conj/Fire      ######       1%          2    None
c - Conjure Flame         Conj/Fire      ######..     1%          3    None
d - Sticky Flame          Conj/Fire      ######..     1%          4    #......
e - Fireball              Conj/Fire      ######....   1%          5    ####...
f - Inner Flame           Hex/Fire       ######..     1%          3    None


Dungeon Overview and Level Annotations

Branches:
Dungeon (10/15)            Temple (1/1) D:4
   Lair: D:8-11         Orc: D:9-12

Altars:
Ashenzari
Cheibriados
Dithmenos
Elyvilon
Fedhas
Gozag
Kikubaaqudgha
Makhleb
Nemelex Xobeh
Okawaru
Qazlal
Ru
Sif Muna
Trog
Vehumet
Xom
Yredelemnul
Zin
The Shining One

Shops:
D:9 !


Innate Abilities, Weirdness & Mutations

You have an increased reservoir of magic (+10% MP).


Message History

The orc warrior hits you with a long sword!
The big kobold barely misses you. The kobold barely misses you.
The big kobold barely misses you. You block the kobold's attack.
You block the orc warrior's attack.
Drink which item? (? for menu, Esc to quit)
You feel very buoyant.
You fly up into the air.
You block the big kobold's attack. The kobold closely misses you.
You closely miss the big kobold.
The big kobold is heavily wounded.
The orc warrior hits you with a long sword!
* * * LOW HITPOINT WARNING * * *
The big kobold hits you but does no damage.
The kobold closely misses you. The orc warrior misses you.
Drink which item? (? for menu, Esc to quit)
You fade into invisibility!
The big kobold closely misses you. The kobold hits you with a dagger.
* * * LOW HITPOINT WARNING * * *
The orc warrior hits you with a long sword!
You die...

#. #o# ##..##
.. ..####.##§##
####
...........#
.#....§#.#.#
.......#..K###
##.....##....##
#.%... ##K.$.##
#.....
##o?...##
#.....
#@Ko....#
######
##K....##
##(..## ##.##
###


You could see an orc warrior, a big kobold, an orc and 3 kobolds.

Vanquished Creatures
  Pikel (D:8)
  A two-headed ogre (D:8)
  Grinder (D:4)
  A troll (D:9)
  Sigmund (D:4)
  A human (D:9)
  A steam dragon (D:8)
  Eustachio (D:4)
  6 yaks
  A hippogriff (D:8)
  2 hungry ghosts
  3 black bears
  8 ogres
  3 ice beasts
  3 phantoms
  2 sky beasts
  A slave (D:8)
  A big kobold (D:9)
  5 giant frogs
  6 scorpions
  5 wights
  10 killer bees
  A centaur zombie (D:5)
  A jelly (D:6)
  3 crimson imps
  2 giant frog skeletons
  2 hounds
  Jessica (D:2)
  Natasha (twice) (D:2)
  3 iguanas
  2 orc priests
  2 orc wizards
  8 worker ants
  4 sheep (D:9)
  A killer bee zombie (D:9)
  2 hound skeletons
  10 adders
  3 shadow imps
  An ooze (D:1)
  An adder zombie (D:8)
  A worm (D:3)
  7 giant geckos
  19 orcs
  2 ball pythons
  9 bats
  8 hobgoblins
  15 jackals
  A quokka (D:4)
  5 giant cockroaches
  2 giant gecko skeletons (D:5)
  A giant gecko zombie (D:6)
  7 giant newts
  12 goblins
  2 jackal skeletons
  A jackal zombie (D:8)
  18 kobolds
  A quokka skeleton (D:7)
  6 rats
230 creatures vanquished.

Vanquished Creatures (others)
  An orc priest (D:8)
  A centaur skeleton (D:8)
  An adder (D:8)
  2 orcs (D:8)
5 creatures vanquished.

Grand Total: 235 creatures vanquished

Notes
Turn   | Place    | Note
--------------------------------------------------------------
     0 | D:1      | mikusriekstins the Deep Elf Fire Elementalist began the quest for the Orb.
     0 | D:1      | Reached XP level 1. HP: 10/10 MP: 6/6
   239 | D:1      | Reached XP level 2. HP: 7/15 MP: 0/8
   629 | D:1      | Learned a level 2 spell: Throw Flame
  1016 | D:1      | Reached XP level 3. HP: 19/19 MP: 7/9
  1087 | D:1      | Reached skill level 4 in Fire Magic
  2288 | D:2      | Learned a level 3 spell: Conjure Flame
  2423 | D:2      | Found a blossoming altar of Fedhas.
  2440 | D:2      | Noticed Jessica
  2445 | D:2      | Killed Jessica
  2445 | D:2      | Reached XP level 4. HP: 24/24 MP: 5/10
  2713 | D:2      | Noticed Natasha
  2818 | D:2      | Killed Natasha
  3243 | D:2      | Noticed Natasha
  3251 | D:2      | Killed Natasha
  3251 | D:2      | Reached skill level 5 in Fire Magic
  3655 | D:3      | Reached XP level 5. HP: 16/28 MP: 3/11
  4234 | D:3      | Learned a level 4 spell: Sticky Flame
  4498 | D:3      | Noticed an ice beast
  4505 | D:3      | Killed an ice beast
  4505 | D:3      | Reached XP level 6. HP: 32/32 MP: 1/12
  5366 | D:4      | Reached skill level 6 in Fire Magic
  5801 | D:4      | Reached skill level 5 in Conjurations
  5839 | D:4      | Noticed Sigmund
  6006 | D:4      | Killed Sigmund
  6006 | D:4      | Reached XP level 7. HP: 15/36 MP: 3/15
  6347 | D:4      | Found a staircase to the Ecumenical Temple.
  6362 | Temple   | Entered the Ecumenical Temple
  6373 | Temple   | Became a worshipper of Qazlal Stormbringer
  6540 | Temple   | Reached skill level 5 in Spellcasting
  6704 | D:4      | Noticed Grinder
  6710 | D:4      | Paralysed by Grinder for 6 turns
  6720 | D:4      | Killed Grinder
  6843 | D:4      | Reached skill level 5 in Dodging
  6924 | D:4      | Noticed Eustachio
  6937 | D:4      | Killed Eustachio
  6937 | D:4      | Reached XP level 8. HP: 41/41 MP: 5/17
  7386 | D:4      | Learned a level 5 spell: Fireball
  7413 | D:5      | Entered Level 5 of the Dungeon
  7419 | D:5      | Reached skill level 7 in Dodging
  7519 | D:5      | Acquired Qazlal's first power
  7621 | D:5      | Reached skill level 8 in Dodging
  8029 | D:5      | Found a bloodstained altar of Trog.
  8400 | D:6      | Found a sparkling altar of Nemelex Xobeh.
  8728 | D:6      | Learned a level 3 spell: Inner Flame
  8774 | D:6      | Found a basalt altar of Yredelemnul.
  9019 | D:6      | Reached XP level 9. HP: 45/45 MP: 21/23
  9189 | D:7      | Reached skill level 9 in Spellcasting
  9240 | D:7      | Acquired Qazlal's second power
  9382 | D:7      | Reached skill level 10 in Spellcasting
  9457 | D:6      | Gained mutation: You have a pair of small antennae on your head. [potion of mutation]
  9457 | D:6      | Gained mutation: You are robust (+10% HP). [potion of mutation]
  9457 | D:6      | Gained mutation: You have an increased reservoir of magic (+10% MP). [potion of mutation]
 10306 | D:8      | Found a radiant altar of Vehumet.
 10875 | D:8      | Noticed Pikel
 10973 | D:8      | Killed Pikel
 10973 | D:8      | Reached skill level 10 in Fire Magic
 10973 | D:8      | Reached XP level 10. HP: 55/55 MP: 2/28
 11387 | D:8      | Found a snail-covered altar of Cheibriados.
 11394 | D:8      | Found a deep blue altar of Sif Muna.
 11477 | D:8      | Found a burning altar of Makhleb.
 11477 | D:8      | Noticed a balrug
 11724 | D:8      | Reached skill level 1 in Hexes
 11954 | D:9      | Found Dauliet's Distillery.
 11956 | D:9      | Found a flagged portal.
 11960 | D:9      | Acquired Qazlal's third power
 11972 | D:9      | Lost mutation: You have a pair of small antennae on your head. [potion of cure mutation]
 11972 | D:9      | Lost mutation: You are robust (+10% HP). [potion of cure mutation]
 12371 | D:9      | Bought a potion of heal wounds for 75 gold pieces
 12371 | D:9      | Bought a potion of brilliance for 60 gold pieces
 12371 | D:9      | Bought a potion of flight for 45 gold pieces
 12371 | D:9      | Bought a potion of flight for 45 gold pieces
 12371 | D:9      | Upgraded the game from 0.17-a0-1667-g4ca74a1 to 0.17-a0-1691-g18a3847
 12684 | D:10     | Entered Level 10 of the Dungeon
 12725 | D:10     | Reached skill level 5 in Hexes
 12986 | D:10     | Slain by an orc warrior

Vault maps used:
D:1:      saegor_arrival_simple_c
D:2:      lemuel_doored_altar, minmay_misc_feat_rows, uniq_natasha, uniq_jessica
D:3:      lemuel_upstairs_altar
D:4:      minmay_door_path, minmay_temple_entry_statues_fountains, first_bread,
          uniq_eustachio, uniq_grinder, uniq_sigmund
D:5:      lightli_temple_of_fire
D:6:      nicolae_overflow_crystal_walls, nemelex_lonely_heart_becter
D:8:      makhleb_altar_promises_db, vehumet_altar_wand_db,
          amethyst_overflow_temple_binary, uniq_pikel
D:9:      enter_bailey_2, serial_shops, shop, grunt_livestock
Temple:   minmay_freezing_vapour_temple_12

Action                   |  1- 3 |  4- 6 |  7- 9 | 10-12 || total
-------------------------+-------+-------+-------+-------++-------
Melee: Unarmed           |     1 |       |       |       ||     1
       Whip              |       |     1 |     4 |       ||     5
       Halberd           |       |       |    28 |    22 ||    50
 Cast: Flame Tongue      |    69 |    74 |   226 |    81 ||   450
       Throw Flame       |     9 |    23 |    28 |    11 ||    71
       Conjure Flame     |       |    11 |    28 |     2 ||    41
       Sticky Flame      |       |     4 |    16 |    25 ||    45
       Fireball          |       |       |     2 |     1 ||     3
  Use: Scroll            |       |     6 |     5 |     1 ||    12
       Potion            |       |     6 |     1 |     5 ||    12
  Eat: Bread ration      |     1 |     3 |     1 |       ||     5
       Chunk             |       |     1 |     7 |     4 ||    12
       Fruit             |       |       |     4 |       ||     4
       Beef jerky        |       |       |     1 |     2 ||     3
